 Dungeon Crawl Stone Soup version 0.26.1-11-gd32895ea62 (webtiles) character file.

Game seed: 5373882058656219056

3651 Zeld the Fighter (level 9, -25/81 HPs)
             Began as a Black Draconian Fighter on Sept 2, 2021.
             Was a Priest of Nemelex Xobeh.
             Killed from afar by a deep troll earth mage (31 damage)
             ... with a blast of rock fragments
             ... on level 9 of the Dungeon.
             The game lasted 00:22:41 (17500 turns).

Zeld the Fighter (Black Draconian Fighter)         Turns: 17500, Time: 00:22:43

Health: -25/81     AC:  7    Str: 22    XL:     9   Next: 88%
Magic:  9/9        EV: 12    Int:  9    God:    Nemelex Xobeh [***...]
Gold:   400        SH: 11    Dex: 10    Spells: 8/8 levels left

rFire    . . .     SeeInvis .   a - +4 falchion (elec)
rCold    . . .     Faith    .   b - +0 kite shield
rNeg     . . .     Spirit   .   (armour unavailable)
rPois    .         Reflect  .   (helmet restricted)
rElec    +         Harm     .   D - +0 cloak
rCorr    .         Rampage  .   h - +2 pair of gloves
Will     .....                  (no boots)
Stlth    ++........             (no amulet)
HPRegen  0.23/turn              (no ring)
MPRegen  0.11/turn              (no ring)

@: corroded
A: breathe lightning, unfitting armour, electricity resistance, cold-blooded, AC
+7
a: Breathe Lightning, Renounce Religion, Draw Escape, Draw Destruction, Draw
Summoning, Triple Draw


You were on level 9 of the Dungeon.
You worshipped Nemelex Xobeh.
Nemelex Xobeh was most pleased with you.
You visited 2 branches of the dungeon, and saw 10 of its levels.

You collected 534 gold pieces.
You spent 134 gold pieces at shops.

Inventory:

Hand Weapons
 a - a +4 falchion of electrocution (weapon)
Missiles
 d - 50 poisoned darts (quivered)
 i - 183 stones
 j - 6 javelins
 F - 5 boomerangs
Armour
 b - a +0 kite shield (worn)
 h - a +2 pair of gloves (worn)
 D - a +0 cloak (worn)
Wands
 t - a wand of flame (1)
 x - a wand of polymorph (7)
 z - a wand of paralysis (7)
Scrolls
 e - 7 scrolls of remove curse
 p - 4 scrolls of teleportation
 E - 2 scrolls of magic mapping
 G - 2 scrolls of noise {unknown}
 I - a scroll of immolation {unknown}
Potions
 c - a potion of might
 g - 3 potions of degeneration {unknown}
 k - a potion of magic
 l - 2 potions of brilliance {unknown}
 m - 4 potions of curing
 o - 3 potions of attraction {unknown}
 q - 2 potions of haste {unknown}
 s - a potion of heal wounds {unknown}
 u - a potion of flight {unknown}
 C - 2 potions of mutation {unknown}
 H - a potion of berserk rage {unknown}


   Skills:
 * Level 8.2 Fighting
 * Level 7.0 Long Blades
 * Level 3.6 Throwing
 + Level 5.0 Dodging
 + Level 4.6 Stealth
 * Level 7.4 Shields


You had 8 spell levels left.
You didn't know any spells.
Your spell library contained the following spells:

 Spells                   Type           Power        Failure   Level
 Animate Skeleton         Necr           0%           71%         1
 Apportation              Tloc           0%           71%         1
 Corona                   Hex            0%           71%         1
 Summon Small Mammal      Summ           0%           71%         1
 Ensorcelled Hibernation  Hex/Ice        0%           85%         2
 Passwall                 Tmut/Erth      0%           85%         2
 Confusing Touch          Hex            0%           97%         3
 Dazzling Flash           Conj/Hex       0%           97%         3
 Ignite Poison            Fire/Tmut/Pois 0%           97%         3
 Mephitic Cloud           Conj/Pois/Air  0%           97%         3
 Stone Arrow              Conj/Erth      0%           97%         3
 Tukima's Dance           Hex            0%           97%         3
 Shatter                  Erth           0%           100%        9


Dungeon Overview and Level Annotations

Branches:
Dungeon (9/15)             Temple (1/1) D:5
   Lair: D:8-11         Orc: D:9-12

Altars:
Ashenzari
Cheibriados
Dithmenos
Elyvilon
Fedhas
Gozag
Hepliaklqana
Kikubaaqudgha
Makhleb
Nemelex Xobeh
Okawaru
Qazlal
Ru
Sif Muna
Trog
Uskayaw
Vehumet
Xom
Yredelemnul
Zin
The Shining One

Shops:
D:4 *

Annotations:
D:6 3 runed translucent doors, Cheops's ghost, novice KoEE


Innate Abilities, Weirdness & Mutations

You can breathe wild blasts of lightning.
Your glossy black scales are hard. (AC +7)
You cannot fit into any form of body armour.
You are resistant to electric shocks. (rElec)
You are cold-blooded and may be slowed by cold attacks.


Message History

Your yak barely misses the acid dragon.
The acid dragon spits acid at you. The splash of acid hits you!
* * * LOW HITPOINT WARNING * * *
The acid corrodes you!
You are splashed with acid!
* * * LOW HITPOINT WARNING * * *
Your yak gores the deep troll earth mage.
The deep troll earth mage bites your yak!
Your yak dies!
Your yak's corpse dissolves into shadows!
The deep troll earth mage shouts!
The adder zombie bites you but does no damage.
There is a stone staircase leading up here.
The deep troll earth mage points at the adder zombie and mumbles some strange words.
The wall shatters!
The blast of rock fragments hits the adder zombie!!
The adder zombie is destroyed!
The blast of rock fragments hits you!!
You die...
Your body glows slightly and disappears.

##.....<.##......#
####D.(.>...#####
#########.T.......##
..................[#
...##....s........#
###...........#
##..........#
#######...#...#.#
.......@........#
#################


You could see a deep troll earth mage, an acid dragon and a scorpion.

Vanquished Creatures
  A hornet (D:8)
  Sigmund (D:6)
  2 sky beasts (D:8)
  5 ice beasts
  2 ogres (D:6)
  5 centaurs
  A big kobold (D:8)
  4 bullfrogs
  3 scorpions
  4 wights (D:8)
  An electric eel (D:6)
  4 howler monkeys
  A crimson imp (D:4)
  A jelly (D:8)
  A gnoll shaman (D:3)
  A centaur skeleton (D:4)
  4 orc priests
  7 hounds
  4 worker ants
  3 iguanas
  4 orc wizards
  A hound zombie (D:4)
  2 hound skeletons
  Robin (D:2)
  9 gnolls
  10 adders
  2 howler monkey skeletons
  A shadow imp (D:6)
  2 oozes
  An adder skeleton (D:8)
  An adder zombie (D:6)
  A worm (D:2)
  2 dart slugs
  2 leopard geckos
  45 orcs
  9 giant cockroaches
  19 goblins
  16 hobgoblins
  7 jackals
  4 quokkas
  3 ball pythons
  11 bats
  4 frilled lizards
  8 kobolds
  A quokka skeleton (D:9)
  6 rats
227 creatures vanquished.

Vanquished Creatures (collateral kills)
  A centaur (D:9)
1 creature vanquished.

Vanquished Creatures (others)
  A wight (D:9)
  An adder zombie (D:9)
  An orc (D:3)
  A giant cockroach (D:3)
  A quokka (D:3)
  A bat (D:3)
6 creatures vanquished.

Grand Total: 234 creatures vanquished

Notes
Turn   | Place    | Note
-------+----------+-------------------------------------------
     0 | D:1      | Zeld the Draconian Fighter began the quest for the Orb.
     0 | D:1      | Reached XP level 1. HP: 19/19 MP: 1/1
   417 | D:1      | Reached XP level 2. HP: 25/26 MP: 2/2
  1109 | D:1      | Reached XP level 3. HP: 33/33 MP: 3/3
  1418 | D:2      | Found a sparkling altar of Nemelex Xobeh.
  1498 | D:2      | Noticed Robin
  1900 | D:2      | Killed Robin
  1967 | D:2      | Reached skill level 4 in Fighting
  1967 | D:2      | Reached XP level 4. HP: 32/40 MP: 4/4
  2467 | D:2      | Reached skill level 1 in Stealth
  3032 | D:2      | Found a blossoming altar of Fedhas.
  3276 | D:2      | Found a hide-covered altar of Uskayaw.
  3279 | D:2      | Noticed a +0 hand axe
  3279 | D:2      | Noticed a +0 hand axe
  3354 | D:3      | Found a sacrificial altar of Ru.
  3480 | D:2      | Became a worshipper of Nemelex Xobeh the Trickster
  3723 | D:3      | Reached XP level 5. HP: 46/46 MP: 5/5
  4649 | D:3      | Reached XP level 6. HP: 49/53 MP: 6/6
  4956 | D:3      | Found a white marble altar of Elyvilon.
  5017 | D:3      | Reached skill level 5 in Fighting
  5255 | D:4      | Found Doacihio's Assorted Antiques.
  5263 | D:4      | Bought a scroll labelled UDWEFY DODUILL for 28 gold pieces
  5263 | D:4      | Bought a scroll labelled DUTYVO HEEFESS for 28 gold pieces
  5263 | D:4      | Bought a dark potion for 25 gold pieces
  5263 | D:4      | Bought a scroll labelled MOSITE WOCKOKLU for 28 gold pieces
  6416 | D:3      | Your scales start taking on a glossy black colour.
  6416 | D:3      | Reached XP level 7. HP: 34/61 MP: 7/7
  6416 | D:3      | Gained mutation: You are resistant to electric shocks.
                  | (rElec) [Black Draconian growth]
  7279 | D:4      | Reached * piety under Nemelex Xobeh
  7440 | D:4      | Found a shimmering altar of Xom.
  7441 | D:4      | Found a shimmering altar of Xom.
  7443 | D:4      | Found a shimmering altar of Xom.
  7445 | D:4      | Found a shimmering altar of Xom.
  7445 | D:4      | Found a shimmering altar of Xom.
  7446 | D:4      | Found a shimmering altar of Xom.
  7569 | D:4      | Found a radiant altar of Vehumet.
  7570 | D:4      | Found a burning altar of Makhleb.
  7662 | D:4      | Received a gift from Nemelex Xobeh
  7721 | D:4      | Found a broken altar of Ashenzari.
  8040 | D:4      | Reached skill level 5 in Shields
  8125 | D:4      | You fall into a shaft and drop 2 floors!
  8188 | D:6      | Noticed Sigmund
  8193 | D:5      | Entered Level 5 of the Dungeon
  8586 | D:5      | Received a gift from Nemelex Xobeh
  8647 | D:5      | Reached ** piety under Nemelex Xobeh
  8663 | D:5      | Reached skill level 6 in Fighting
  8775 | D:5      | Found a staircase to the Ecumenical Temple.
  8794 | Temple   | Entered the Ecumenical Temple
  9446 | D:6      | Reached skill level 5 in Long Blades
  9446 | D:6      | Reached XP level 8. HP: 58/70 MP: 8/8
 10619 | D:6      | Killed Sigmund
 11025 | D:6      | Found a basalt altar of Yredelemnul.
 11128 | D:6      | Found a runed translucent gate.
 11128 | D:6      | Noticed Cheops's ghost (novice KoEE)
 11132 | D:6      | Found a runed translucent gate.
 11132 | D:6      | Found a runed translucent gate.
 11539 | D:4      | Bought an orange potion for 25 gold pieces
 12051 | D:6      | Reached skill level 1 in Throwing
 12324 | D:6      | Reached skill level 7 in Fighting
 12552 | D:6      | Reached XP level 9. HP: 44/79 MP: 9/9
 12938 | D:7      | Received a gift from Nemelex Xobeh
 13063 | D:7      | Reached *** piety under Nemelex Xobeh
 14662 | D:8      | Paralysed by a hornet for 2 turns
 15498 | D:8      | Paralysed by a hornet for 3 turns
 16318 | D:8      | Identified the Grimoire of Clay and Intoxication
 16343 | D:8      | Found an iron altar of Okawaru.
 16594 | D:8      | Reached skill level 8 in Fighting
 16902 | D:9      | Noticed a deep troll earth mage
 17261 | D:8      | Reached skill level 5 in Dodging
 17500 | D:9      | Killed from afar by a deep troll earth mage

Illustrated notes

Levels and vault maps discovered:
D:1:      amcnicky_arrival_choice, layout_loops_ring, minivault_19,
          grunt_decor_junction, feat_on_display
D:2:      layout_basic, dancing_weapons_uskayaw,
          nemelex_xobeh_ov_fountains_minmay, fedhas_altar_4, uniq_robin
D:3:      layout_loops_ring, elyvilon_altar_4, nicolae_overflow_hidden_temple,
          minmay_divided_ellipse
D:4:      layout_basic, grunt_temple_overflow_lords_of_destruction,
          ashenzari_conservatory_becter, serial_shops, shop, xom_redecorated
D:5:      layout_gridville, minmay_temple_entry_proselytizer
D:6:      layout_basic, kennysheep_mini_moat, ebering_ghost_rock_garden,
          minmay_misc_feat_encased, nicolae_lava_and_water, uniq_sigmund
D:7:      layout_loops_cross
D:8:      layout_rooms, old_standard_altar
D:9:      layout_rooms, nzn_wu_jian_contemplation, minmay_three_doors
Temple:   minmay_temple_curvy_loop

Skill      XL: |  1  2  3  4  5  6  7  8  9 |
---------------+----------------------------+-----
Dodging        | 3 4 5 |  5.0
Fighting       | 4 5 6 7 8 |  8.2
Stealth        | 1 2 3 4 |  4.6
Long Blades    | 3 4 5 6 7 |  7.0
Shields        | 4 5 6 7 |  7.4
Throwing       | 1 3 |  3.6

Action                   |  1- 3 |  4- 6 |  7- 9 || total
-------------------------+-------+-------+-------++-------
Melee: Long sword        |   135 |   217 |   353 ||   705
       Tailslap          |    16 |    34 |    68 ||   118
       Falchion          |       |       |    26 ||    26
 Abil: Breathe Lightning |       |       |    30 ||    30
Evoke: Wand              |       |       |     4 ||     4
  Use: Scroll            |       |    10 |    14 ||    24
 Stab: Sleeping          |       |     2 |     3 ||     5
Armor: Skin              |    59 |   102 |   172 ||   333
Dodge: Dodged            |    75 |   139 |   262 ||   476
Block: Kite shield       |    78 |   155 |   313 ||   546
       Rpst.: Long sword |    22 |    45 |    74 ||   141
       Falchion          |       |       |     1 ||     1
